 Dungeon Crawl Stone Soup version 0.31.0-11-ge490571c62 (webtiles) character file.

Game seed: 17812607882730967110

190 qw the Shooter (level 5, -1/26 HPs)
             Began as a Spriggan Hunter on Feb 4, 2024.
             Slain by a kobold brigand
             ... wielding a +0 club
              (3 damage)
             ... in a sewer.
             The game lasted 00:00:08 (1795 turns).

qw the Shooter (Spriggan Hunter)                    Turns: 1795, Time: 00:00:09

Health: -1/26      AC:  3    Str:  7    XL:     5   Next: 41%
Magic:  6/6        EV: 20    Int: 11    God:
Gold:   109        SH:  0    Dex: 20    Spells: 4/4 levels left

rFire   . . .        a - +1 shortbow
rCold   . . .        (shield currently unavailable)
rNeg    . . .        c - +0 robe
rPois   .            d - +1 hat
rElec   .            (no cloak)
rCorr   .            (gloves unavailable)
SInv    +            (boots unavailable)
Will    .....        (no amulet)
Stlth   ++           (no ring)
HPRegen 0.24/turn    (no ring)
MPRegen 0.10/turn

%: no passive effects
@: lethally poisoned (-1 -> -5), very quick
A: very small, no large weapons, unfitting armour, see invisible, speed 3
a: no special abilities


You were in a sewer.
You visited 1 branch of the dungeon, and saw 3 of its levels.
You also visited: Sewer.

You collected 109 gold pieces.


Innate Abilities, Weirdness & Mutations

You are very small and have problems with some larger weapons.
You are too small for most types of armour.
You have supernaturally acute eyesight. (SInv)
You cover ground extremely quickly. (Speed+++)


   Skills:
 - Level 2.0 Fighting
 + Level 5.6 Ranged Weapons
 - Level 5.1 Dodging
 - Level 1.5 Stealth


You had 4 spell levels left.
You didn't know any spells.
Your spell library was empty.

Inventory:

Hand Weapons
 a - a +1 shortbow (weapon)
Armour
 c - a +0 robe (worn)
 d - a +1 hat (worn)
Potions
 b - a potion of might
 f - a potion of berserk rage {unknown}
 h - 2 potions of curing
 k - a potion of magic {unknown}

Dungeon Overview and Level Annotations

Branches:
Dungeon (3/15)              Sewer (1/1)

Altars:
Elyvilon
Ru
Zin
The Shining One


Message History

The kobold brigand shouts!
Found three items.
Found a gate leading back out of this place.
You shoot an arrow.
The arrow barely misses the kobold brigand.
You feel very sick.
The kobold shouts!
The kobold brigand throws a poisoned dart.
The poisoned dart hits you!
You are more poisoned.
You shoot an arrow. The arrow hits the kobold brigand!
The kobold brigand is moderately wounded.
You feel very sick.
The kobold brigand throws a poisoned dart.
The poisoned dart closely misses you.
The kobold throws a stone.
The stone closely misses you.
The stone hits the plant.
The plant begins to die.
The kobold brigand hits you with a +0 dagger.
The kobold brigand misses you.
The kobold brigand hits you with a +0 dagger.
You shoot an arrow.
The arrow closely misses the kobold brigand.
You feel very sick.
The kobold brigand hits you with a +0 dagger.
The kobold brigand misses you.
1793 ||| DRINKING potion of heal wounds.
You feel much better.
You feel very sick.
The kobold brigand hits you with a +0 club!
You shoot an arrow. The arrow hits the kobold brigand!
The kobold brigand is severely wounded.
You feel sick. The kobold misses you.
The kobold brigand hits you with a +0 dagger.
You shoot an arrow.
The arrow hits the kobold brigand but does no damage.
The kobold brigand is severely wounded.
You feel sick.
A nearby plant withers and dies.
The kobold hits you with a +0 dagger.
The kobold brigand hits you with a +0 dagger.
The kobold brigand hits you with a +0 club.
You die...

.~ P~~
~~~#################
~~~~~~~~~~~~~~~~~~~#
~~~~~~~~~~~~~~~~~~~#
~~~~~~~~~~~~~~~~~~~#
######~~########'###
....~P~~~K#...)#...#
....~~P~.@KK.\.#.\.#
.....P...KK...!#.\.#
P.........#.?..#####
........########
.....##.# ##### ###


You could see 3 kobold brigands and 2 kobolds.

Vanquished Creatures
  An orc wizard (D:3)
  7 gnolls (D:2)
  3 adders
  A ribbon worm (D:2)
  2 orcs (D:3)
  6 ball pythons
  4 endoplasms
  3 giant cockroaches
  5 goblins
  12 hobgoblins
  3 quokkas
  A bat (D:3)
  3 frilled lizards
  10 kobolds
  7 rats
68 creatures vanquished.

Notes
Turn   | Place    | Note
-------+----------+-------------------------------------------
     0 | D:1      | qw the Spriggan Hunter began the quest for the Orb.
     0 | D:1      | Reached XP level 1. HP: 10/10 MP: 2/2
     0 | D:1      | 0 ||| qw: Version: 0.3-a-160-g6735b56
     0 | D:1      | 0 ||| qw: Game counter: 5220
     0 | D:1      | 0 ||| qw: Melee chars always use a shield: true
     0 | D:1      | 0 ||| qw: God list: Okawaru
     0 | D:1      | 0 ||| qw: Allow faded altars: false
     0 | D:1      | 0 ||| qw: Do Orc after clearing Dungeon:15 true
     0 | D:1      | 0 ||| qw: Do second Lair branch before Depths: true
     0 | D:1      | 0 ||| qw: Lair rune preference: random
     0 | D:1      | 0 ||| qw: Goals: Normal
     0 | D:1      | 0 ||| PLANNING D:1-11
    42 | D:1      | Reached skill level 3 in Dodging
    95 | D:1      | Reached XP level 2. HP: 14/14 MP: 3/3
   478 | D:1      | Found a faded altar of an unknown god.
   647 | D:1      | 647 ||| READING 3 scrolls labelled LIEPNU FU SER.
   648 | D:1      | 648 ||| READING 2 scrolls labelled SYDGHE AHAWNE.
   648 | D:1      | 648 ||| IDENTIFYING fizzy brown potion
   649 | D:1      | 649 ||| READING scroll of identify.
   649 | D:1      | 649 ||| IDENTIFYING scroll labelled AGUNEE ACYEM
   650 | D:1      | 650 ||| READING scroll of enchant weapon.
   650 | D:1      | 650 ||| ENCHANTING +0 shortbow.
   651 | D:1      | 651 ||| READING scroll labelled FEDGHU DOIKAO.
   652 | D:1      | 652 ||| READING scroll labelled WELUERPH MOTASS.
   653 | D:1      | 653 ||| DROPPING scroll of butterflies.
   654 | D:1      | 654 ||| DROPPING potion of degeneration.
   655 | D:1      | 655 ||| DROPPING 2 scrolls of noise.
   688 | D:2      | Reached XP level 3. HP: 18/18 MP: 4/4
   722 | D:2      | Reached XP level 4. HP: 11/22 MP: 5/5
   829 | D:2      | Found a sacrificial altar of Ru.
  1178 | D:2      | 1178 ||| READING 2 scrolls of identify.
  1178 | D:2      | 1178 ||| IDENTIFYING viscous puce potion
  1179 | D:2      | 1179 ||| READING scroll of identify.
  1179 | D:2      | 1179 ||| IDENTIFYING coppery potion
  1180 | D:2      | 1180 ||| READING scroll labelled WIF TOCEXUA.
  1181 | D:2      | 1181 ||| READING scroll labelled VUGAODGH ABBURGH.
  1182 | D:2      | 1182 ||| READING scroll labelled EKLIWORAITZ.
  1182 | D:2      | Identified a scroll of acquirement
  1182 | D:2      | 1182 ||| ACQUIRING +1 hat
  1182 | D:2      | Acquired a +1 hat
  1184 | D:2      | 1184 ||| UPGRADING to +1 hat.
  1189 | D:2      | 1189 ||| READING scroll labelled GUEHEY DIODASOGA.
  1194 | D:2      | 1194 ||| DRINKING 2 fuming yellow potions.
  1241 | D:2      | 1241 ||| DROPPING potion of lignification.
  1256 | D:3      | 1256 ||| PLANNING SEWER
  1345 | D:3      | Found a glowing golden altar of the Shining One.
  1408 | D:3      | Found a white marble altar of Elyvilon.
  1417 | D:3      | Found a glowing silver altar of Zin.
  1553 | D:3      | Reached XP level 5. HP: 7/26 MP: 6/6
  1554 | D:3      | 1554 ||| FLEEEEING.
  1555 | D:3      | 1555 ||| FLEEEEING.
  1556 | D:3      | 1556 ||| FLEEEEING.
  1563 | D:3      | 1563 ||| FLEEEEING.
  1569 | D:3      | 1569 ||| FLEEEEING.
  1570 | D:3      | 1570 ||| STAIRDANCE
  1653 | D:3      | 1653 ||| READING scroll of identify.
  1653 | D:3      | 1653 ||| IDENTIFYING cyan potion
  1762 | D:3      | Found a glowing drain.
  1771 | Sewer    | Entered a sewer
  1792 | Sewer    | HP: 5/26 [kobold brigand/+0 dagger (5)]
  1793 | Sewer    | 1793 ||| DRINKING potion of heal wounds.
  1795 | Sewer    | HP: 2/26 [kobold brigand/+0 dagger (2)]
  1795 | Sewer    | Slain by a kobold brigand

Levels and vault maps discovered:
D:1:      heliophobic_arrival_ceremonial_halls, layout_basic,
          ebering_ecumenical_altar_hall, hangedman_abyss_or_decor_lesser_grid,
          chequers_serial_rivers_micro_c
D:2:      layout_rooms, basic_altar
D:3:      cheibrodos_thug_alley, layout_loops_ring,
          dreamdust_divine_triumvirate, portal_sewer_entry_d,
          hangedman_decor_peaks_small
Sewer:    kennysheep_pipe_town

Skill      XL: |  1  2  3  4 |
---------------+-------------+-----
Dodging        | 3 4 5 |  5.1
Ranged Weapons | 5 |  5.6
Fighting       | 2 |  2.0
Stealth        | |  1.5

Action                     |  1- 3 |  4- 6 || total
---------------------------+-------+-------++-------
   Fire: Shortbow          |    82 |   105 ||   187
    Use: Scroll            |     6 |     7 ||    13
         Potion            |       |     2 ||     2
 Armour: Robe              |     4 |    25 ||    29
  Dodge: Dodged            |    19 |    39 ||    58

Table legend:
 A = Non-vault XP
 B = Vault XP
 C = Vault XP percentage of total XP
 D = Non-vault monster count
 E = Vault monster count
 F = Vault count percentage of total count
                 A         B        C        D         E       F
            +---------+---------+-------+---------+---------+-------
      Total |     250 |      22 |   8.1 |      61 |       7 |  10.3
            +---------+---------+-------+---------+---------+-------
        D:1 |      38 |       0 |   0.0 |      24 |       0 |   0.0
        D:2 |     142 |       0 |   0.0 |      23 |       0 |   0.0
        D:3 |      70 |      22 |  23.9 |      14 |       7 |  33.3
            +---------+---------+-------+---------+---------+-------
